AoeStats
← Tetsu.Japan

Nomad

506421770Analyzed
4v4 RM · 19d ago on Sep 13, 2026· 39m 33s· 8 players
Game mode
Random Map
Map size
231×231
Population
200
Speed
Normal
Resources
Standard
Victory
Conquest
Starting age
Dark Age
Ending age
Imperial Age
RankedLock teamsTeams togetherTeam positionsShared explorationLock speedFull tech treeHidden civsTurbo modeCheats
Victory
Defeat
🇲🇽 Dravidians · Mexico
1573
+14
🇺🇸 Vietnamese · United States
1555
+15
🇨🇳 Mongols · China
1554
+15
🇨🇴 Koreans · Colombia
1542
+16
🇯🇵 Mongols · Japan
1676
-20
🇯🇵 Dravidians · Japan
1640
-18
🇯🇵 Romans · Japan
1529
-15
🇯🇵 Italians · Japan
1298
-7
SimmaHem7912
5:01 Loom
11:47 Feudal Age
12:19 Double-Bit Axe
13:19 Fishing Lines
15:03 Horse Collar
19:22 Castle Age
18:10 Fletching
20:18 Medium Warships
22:11 Bow Saw
22:35 Bodkin Arrow
23:13 Gillnets
23:51 Careening
25:27 Wheelbarrow
25:20 Clinker Construction
26:49 Town Watch
30:17 Padded Archer Armor
30:50 Scale Mail Armor
33:34 Imperial Age
31:27 Gold Mining
31:28 Stone Mining
33:14 Hand Cart
33:07 Squires
34:12 Padded Archer Armor
34:34 Ballistics
35:18 Chemistry
35:00 Thumb Ring
34:57 Bracer
37:44 Two-Man Saw
36:50 Heavy Plow
38:29 Chain Mail Armor
38:25 Forging
39:16 Conscription
39:19 Wootz Steel
归来仍只会种田
3:12 Loom
12:38 Feudal Age
13:11 Double-Bit Axe
21:14 Castle Age
19:15 Stone Mining
19:42 Gold Mining
22:27 Bow Saw
29:19 Fletching
30:35 Bodkin Arrow
32:20 Fishing Lines
32:39 Horse Collar
38:54 Imperial Age
36:59 Wheelbarrow
37:07 Wheelbarrow
37:47 Heavy Plow
39:20 Ballistics
39:50 Hand Cart
39:58 Conscription
38:59 Elite Mangudai
40:00 Bracer
Its Jskillz
10:17 Loom
13:59 Feudal Age
18:31 Castle Age
18:30 Double-Bit Axe
18:28 Fishing Lines
21:03 Gold Mining
21:34 Bow Saw
21:36 Gillnets
22:38 Fletching
24:03 Bodkin Arrow
24:19 Forging
24:12 Padded Archer Armor
35:28 Wheelbarrow
40:24 Hand Cart
[GDL] turbojj
3:57 Loom
13:57 Feudal Age
15:22 Double-Bit Axe
17:54 Castle Age
15:50 Fishing Lines
17:25 Town Watch
18:23 Fletching
19:37 Bodkin Arrow
21:36 Bow Saw
21:28 Gold Mining
24:24 Wheelbarrow
26:18 Ballistics
27:35 Horse Collar
28:21 Devotion
31:40 Heavy Plow
31:39 Stone Mining
35:23 Imperial Age
33:24 Treadmill Crane
33:55 Masonry
37:07 Chemistry
36:09 Bracer
36:31 Conscription
37:45 Two-Man Saw
37:04 Hand Cart
38:46 Elite War Wagon
Tetsu.Japan
5:24 Loom
14:40 Feudal Age
15:10 Double-Bit Axe
22:25 Fletching
26:04 Padded Archer Armor
29:00 Castle Age
38:56 Town Watch
Rito
8:04 Loom
13:20 Feudal Age
16:48 Castle Age
14:53 Stone Mining
16:24 Double-Bit Axe
16:31 Gold Mining
17:30 Fletching
17:51 Bow Saw
18:26 Bodkin Arrow
28:57 Horse Collar
30:23 Ballistics
30:48 Wheelbarrow
36:44 Imperial Age
34:46 Heavy Plow
35:30 Bloodlines
35:21 Husbandry
35:14 Town Watch
35:46 Padded Archer Armor
37:28 Bracer
38:34 Chemistry
38:21 Thumb Ring
39:22 Leather Archer Armor
happikon.6139
5:33 Loom
13:39 Feudal Age
18:37 Double-Bit Axe
18:35 Fishing Lines
18:43 Fishing Lines
22:11 Fletching
22:48 Fletching
26:07 Castle Age
27:45 Bow Saw
32:02 Horse Collar
34:24 Gold Mining
35:30 Wheelbarrow
38:18 Stone Mining
EM
5:39 Loom
14:41 Feudal Age
19:11 Castle Age
17:08 Fishing Lines
17:54 Double-Bit Axe
18:20 Horse Collar
18:29 Horse Collar
19:13 Bloodlines
19:09 Gold Mining
19:51 Scale Barding Armor
21:13 Wheelbarrow
22:09 Bow Saw
23:30 Fletching
24:33 Elite Skirmisher
25:36 Padded Archer Armor
35:33 Bodkin Arrow
Connection lost

Rejoining the realm…

Still unreachable

The connection could not be restored.

Session expired

The server has moved on; the page needs a fresh start.